 Dungeon Crawl Stone Soup version 0.18-a0-1060-g4fac74f (webtiles) character file.

18088 namelastname112 the Slicer (level 12, -7/104 HPs)
             Began as a Pale Draconian Wizard on Jan 12, 2016.
             Was an Elder of Zin.
             Killed from afar by an electric eel (13 damage)
             ... with a bolt of electricity
             ... on level 11 of the Dungeon.
             The game lasted 00:37:41 (16475 turns).

namelastname112 the Slicer (Pale Draconian Wizard) Turns: 16475, Time: 00:37:42

Health: -7/104     AC: 11    Str: 14    XL:     12   Next: 24%
Magic:  16/18      EV: 17    Int: 22    God:    Zin [****..]
Gold:   346        SH:  0    Dex: 16    Spells: 1 memorised, 16 levels left

rFire  . . .     SeeInvis .     H - +3 short sword (venom)
rCold  . . .     Gourm    .     (armour unavailable)
rNeg   . . .     Faith    +     (no shield)
rPois  ∞         Spirit   .     a - +0 hat
rElec  .         Dismiss  .     (no cloak)
rCorr  .         Reflect  .     v - +0 pair of gloves
SustAt .         Harm     .     G - +1 pair of boots
MR     .....                    N - amulet of faith
Stlth  +++++.....               z - ring of stealth
                                L - ring of flight

@: vitalised, flying, not resistant to hostile enchantments, quite stealthy
A: breathe steam, unfitting armour, cold-blooded, AC +8
a: Breathe Steam, Recite, Vitalisation, Imprison, Donate Gold, Renounce
Religion, Stop Flying


You were on level 11 of the Dungeon.
You worshipped Zin.
Zin was greatly pleased with you.
You were not hungry.

You visited 2 branches of the dungeon, and saw 12 of its levels.

You collected 679 gold pieces.
You spent 266 gold pieces at shops.
You donated 67 gold pieces to Zin.

Inventory:

Hand Weapons
 H - a +3 short sword of venom (weapon)
 I - a +0 blowgun
Missiles
 p - 94 poisoned needles
 D - 14 needles of sleeping
Armour
 a - a +0 hat (worn)
 v - a +0 pair of gloves (worn)
 G - a +1 pair of boots (worn)
 Q - the +3 hat of Pondering {ponderous, MR+ MP+10 Int+5}
   (You took it off Gastronok on level 10 of the Dungeon)

   It affects your intelligence (+5).
   It affects your resistance to hostile enchantments.
   It affects your magic capacity (+10).
Jewellery
 i - an uncursed ring of protection from fire
 s - an uncursed ring of positive energy
 z - a ring of stealth (right hand)
 C - an uncursed ring of sustain attributes
 L - a ring of flight (left hand)
 N - an amulet of faith (around neck)
Wands
 u - a wand of hasting (7/9)
 M - a wand of digging (22/24)
Scrolls
 f - 6 scrolls of enchant armour
 h - 2 scrolls of enchant weapon
 m - 3 scrolls of identify
 q - 4 scrolls of remove curse
 y - 3 scrolls of fog
 B - 5 scrolls of amnesia
 K - a scroll of vulnerability {unknown}
Potions
 e - a potion of haste {unknown}
 g - 2 potions of curing
 j - a potion of resistance {unknown}
 k - 2 potions of magic {unknown}
 o - a potion of flight {unknown}
 x - a potion of invisibility {unknown}
 A - a potion of might {unknown}
 E - a potion of cancellation
 O - a potion of agility {unknown}
 P - a potion of poison {unknown}
Books
 b - a book of Minor Magic

   Spells                             Type                      Level
   a - Magic Dart                     Conjuration                  1
   b - Blink                          Translocation                2
   c - Call Imp                       Summoning                    2
   d - Repel Missiles                 Charms/Air                   2
   e - Slow                           Hexes                        2
   f - Conjure Flame                  Conjuration/Fire             3
   g - Mephitic Cloud                 Conjuration/Poison/Air       3
 n - a book of Enchantments

   Spells                             Type                      Level
   a - Cause Fear                     Hexes                        4
   b - Yara's Violent Unravelling     Hexes/Transmutation          5
   c - Silence                        Hexes/Air                    5
   d - Deflect Missiles               Charms/Air                   6
   e - Haste                          Charms                       6
   f - Discord                        Hexes                        8
 w - an Akashic Record

   Spells                             Type                      Level
   a - Dispersal                      Translocation                6
   b - Malign Gateway                 Summoning/Translocation      7
   c - Disjunction                    Translocation                8
   d - Controlled Blink               Translocation                8
 R - a book of Burglary

   Spells                             Type                      Level
   a - Swiftness                      Charms/Air                   2
   b - Passwall                       Transmutation/Earth          3
   c - Passage of Golubria            Translocation                4
   d - Lee's Rapid Deconstruction     Earth                        5
   e - Darkness                       Hexes                        6
   f - Invisibility                   Hexes                        6
 S - a book of Geomancy

   Spells                             Type                      Level
   a - Sandblast                      Earth                        1
   b - Stoneskin                      Transmutation/Earth          2
   c - Passwall                       Transmutation/Earth          3
   d - Stone Arrow                    Conjuration/Earth            3
   e - Petrify                        Transmutation/Earth          4
   f - Lee's Rapid Deconstruction     Earth                        5
Miscellaneous
 F - a phantom mirror
Comestibles
 c - 2 bread rations
 r - a meat ration
 t - a fruit


   Skills:
 + Level 9.0 Fighting
 * Level 11.5 Short Blades
 + Level 7.7 Dodging
 + Level 11.1 Stealth
 - Level 3.0 Spellcasting
 - Level 1.0 Conjurations
   Level 1.0 Summonings
   Level 1.0 Translocations
 + Level 8.8 Invocations


You had 16 spell levels left.
You knew the following spells:

 Your Spells              Type           Power        Failure   Level  Hunger
z - Magic Dart            Conj           #...         10%         1    None


Dungeon Overview and Level Annotations

Branches:
Dungeon (11/15)            Temple (0/1) D:4            Lair (0/8) D:10
    Orc (1/2) D:9

Altars:
Ashenzari
Cheibriados
Dithmenos
Kikubaaqudgha
Makhleb
Nemelex Xobeh
Pakellas
Qazlal
Ru
Sif Muna
Yredelemnul
Zin

Shops:
D:6 !   D:7 !   Orc:1 *

Annotations:
D:4 PinkishYellow's ghost, amateur TeFE
D:10 exclusion: ice statue


Innate Abilities, Weirdness & Mutations

You can breathe blasts of scalding, opaque steam.
Your pale cyan-grey scales are hard (AC +8).
Your body does not fit into most forms of armour.
You are cold-blooded and may be slowed by cold attacks.


Message History

Unknown command.
Read which item? (? for menu, Esc to quit)
As you read the scroll of fear, it crumbles to dust.
You assume a fearsome visage.
The giant frog simulacrum is unaffected.
The ufetubus is unaffected.
The killer bee zombie is unaffected.
The centaur zombie is unaffected.
The hippogriff looks frightened!
The electric eel looks frightened!
The centaur zombie closely misses you.
The giant frog simulacrum hits you but does no damage.
The centaur zombie hits you but does no damage.
The giant frog simulacrum barely misses you.
The ufetubus shouts!
Unknown command.
You feel yourself speed up.
Cornered, the electric eel turns to fight!
The centaur zombie hits you but does no damage.
The giant frog simulacrum hits you but does no damage.
The electric eel shoots out a bolt of lightning at you!
The bolt of electricity hits you!
You die...

......./.........#####........
....###..........H............
....# #######........YYh......
....# #..........#####.. ....#
#+..#....#..Y# . ....#
#...≈.≈......... ....#
.#..≈≈≈≈≈≈≈≈≈≈≈≈≈ ....#
.#.Z5.≈≈......... ....#
####.##@Z≈≈≈...≈..∩.. ....#
#.....Z.≈≈≈≈≈≈≈≈....≈
....####+#.......≈≈.≈.≈≈....;≈
...$.............≈.≈≈≈≈≈≈≈≈≈≈≈
.............##.;.≈..≈≈≈....
.............#.......≈..≈≈≈
.....##+###..#........#..
.(...# #..#........# .....#
#..#


You could see a yak (wandering), a hippogriff (fleeing), an ice beast, a wolf,
an electric eel, a giant frog simulacrum, an ufetubus, a killer bee zombie and a
centaur zombie.

Vanquished Creatures
  Gastronok (D:10)
  Erica (D:10)
  Nergalle (D:10)
  A cyclops (D:10)
  A fire drake (D:10)
  2 trolls
  A boulder beetle (D:8)
  2 centaur simulacra (D:11)
  A wraith (D:10)
  7 yaks (D:10)
  A basilisk (D:10)
  A hippogriff (D:10)
  2 hungry ghosts
  A steam dragon (D:8)
  4 wargs (D:9)
  5 orc warriors
  22 ice beasts
  3 sky beasts
  2 eyes of draining (D:10)
  8 ogres
  9 centaurs
  4 giant frogs
  2 scorpions
  6 electric eels (D:10)
  5 crimson imps
  A centaur zombie (D:10)
  6 hounds
  4 orc priests
  A wyvern simulacrum (D:11)
  3 jellies
  12 orc wizards
  2 giant frog skeletons
  Natasha (thrice) (D:2)
  Ijyb (D:2)
  3 iguanas
  2 worker ants
  A giant frog simulacrum (D:11)
  3 hound skeletons
  Robin (D:4)
  20 adders
  5 white imps (D:11)
  A worker ant simulacrum (D:11)
  3 oozes
  3 adder skeletons
  2 worms
  4 giant geckos
  43 orcs
  A ball python (D:5)
  9 giant cockroaches
  20 goblins
  7 hobgoblins
  3 jackals (D:8)
  7 quokkas
  8 bats
  6 giant newts
  A jackal skeleton (D:4)
  9 kobolds
  3 rats
291 creatures vanquished.

Notes
Turn   | Place    | Note
--------------------------------------------------------------
     0 | D:1      | namelastname112 the Draconian Wizard began the quest for the Orb.
     0 | D:1      | Reached XP level 1. HP: 14/14 MP: 4/4
   144 | D:1      | Reached XP level 2. HP: 4/22 MP: 1/6
   409 | D:1      | Reached skill level 1 in Fighting
   757 | D:1      | Reached skill level 1 in Short Blades
  1057 | D:1      | Reached XP level 3. HP: 28/28 MP: 5/7
  1509 | D:2      | Noticed a fire elemental
  1510 | D:2      | Found a stormy altar of Qazlal.
  1511 | D:2      | Noticed Natasha
  1523 | D:2      | Killed Natasha
  1593 | D:2      | Noticed an air elemental
  1594 | D:2      | Noticed an earth elemental
  1594 | D:2      | Noticed a water elemental
  1620 | D:2      | Noticed Ijyb
  1633 | D:2      | Killed Ijyb
  1633 | D:2      | Reached XP level 4. HP: 34/36 MP: 5/8
  1656 | D:2      | Noticed Natasha
  1675 | D:2      | Killed Natasha
  1947 | D:2      | Noticed Natasha
  1952 | D:2      | Killed Natasha
  1952 | D:2      | Reached XP level 5. HP: 22/41 MP: 4/9
  2046 | D:2      | Found an oddly glowing altar of Pakellas.
  2476 | D:3      | Found a glowing silver altar of Zin.
  2705 | D:3      | Became a worshipper of Zin the Law-Giver
  2705 | D:3      | Reached * piety under Zin
  2924 | D:3      | Found a deep blue altar of Sif Muna.
  3341 | D:4      | Noticed Robin
  3613 | D:4      | Killed Robin
  3835 | D:4      | Noticed an ogre
  3848 | D:4      | Killed an ogre
  3848 | D:4      | Reached XP level 6. HP: 48/50 MP: 1/10
  3872 | D:4      | Reached skill level 4 in Stealth
  3872 | D:4      | Reached skill level 1 in Invocations
  4005 | D:4      | Reached ** piety under Zin
  4532 | D:4      | Noticed PinkishYellow's ghost (amateur TeFE)
  4581 | D:5      | Entered Level 5 of the Dungeon
  4802 | D:5      | Noticed a sky beast
  4829 | D:5      | Killed a sky beast
  4829 | D:5      | Reached XP level 7. HP: 51/57 MP: 11/11
  4829 | D:5      | Your scales start taking on a pale cyan-grey colour.
  4884 | D:5      | Found a sparkling altar of Nemelex Xobeh.
  5101 | D:5      | Reached skill level 5 in Stealth
  5616 | D:5      | Found a basalt altar of Yredelemnul.
  5986 | D:5      | Reached XP level 8. HP: 60/66 MP: 12/12
  6002 | D:5      | Found a shadowy altar of Dithmenos.
  6459 | D:4      | Reached skill level 5 in Short Blades
  6498 | D:4      | Found a shattered altar of Ashenzari.
  6599 | D:4      | Found a staircase to the Ecumenical Temple.
  7151 | D:6      | Reached skill level 6 in Stealth
  7314 | D:6      | Found an ancient bone altar of Kikubaaqudgha.
  7341 | D:6      | Found Suligro's Distillery.
  7445 | D:6      | Bought a potion of heal wounds for 60 gold pieces
  7445 | D:6      | Bought a potion of heal wounds for 60 gold pieces
  7445 | D:6      | Bought a potion of curing for 36 gold pieces
  7758 | D:7      | Reached *** piety under Zin
  7815 | D:7      | Found Birisk's Distillery.
  7871 | D:7      | Found a snail-covered altar of Cheibriados.
  8576 | D:7      | Found a sacrificial altar of Ru.
  8857 | D:7      | Reached skill level 8 in Short Blades
  8857 | D:7      | Reached skill level 5 in Dodging
  8857 | D:7      | Reached skill level 9 in Stealth
  8857 | D:7      | Reached XP level 9. HP: 73/78 MP: 13/13
  8858 | D:7      | Reached skill level 10 in Stealth
  8858 | D:7      | Reached XP level 10. HP: 79/86 MP: 13/15
 10302 | D:9      | Found a burning altar of Makhleb.
 10315 | D:9      | Found a staircase to the Orcish Mines.
 10334 | D:9      | Reached XP level 11. HP: 75/93 MP: 16/16
 10619 | D:9      | Found a sparkling altar of Nemelex Xobeh.
 10924 | D:10     | Entered Level 10 of the Dungeon
 11032 | D:10     | Noticed Nergalle
 11041 | D:10     | Noticed Gastronok
 11135 | D:10     | Killed Gastronok
 11135 | D:10     | Reached skill level 10 in Short Blades
 11295 | D:10     | Reached **** piety under Zin
 11476 | Orc:1    | Entered Level 1 of the Orcish Mines
 11842 | Orc:1    | Found Nefumaes's Assorted Antiques.
 12140 | Orc:1    | Bought a golden ring for 110 gold pieces
 12220 | Orc:1    | Noticed an orc knight
 12309 | D:10     | Noticed Erica
 12427 | D:10     | Killed Erica
 12672 | D:10     | Found a staircase to the Lair.
 14124 | D:10     | Reached skill level 11 in Short Blades
 14337 | D:10     | Killed Nergalle
 14337 | D:10     | Reached XP level 12. HP: 89/103 MP: 18/18
 15328 | D:10     | Noticed an ice dragon
 16475 | D:11     | Killed from afar by an electric eel

Vault maps used:
D:1:      eino_arrival_cavern_d, eino_curves_02, wad_floor_pattern_untrapped
D:2:      nicolae_qazlal_style_of_elements, first_bread, grunt_ministairs_1,
          grunt_pakellas_basics, uniq_iyjb, uniq_natasha
D:3:      lemuel_blue_sif_altar, zin_scriptorium, corexii_leaking_fountain
D:4:      cheibrodos_ashenzari_chains, temple_hall, uniq_robin
D:5:      marbit_many_paths, overflow_temple_1_default, kennysheep_little_box,
          minivault_25
D:6:      overflow_temple_1_default, serial_shops, shop
D:7:      cheibriados_altar_1, nicolae_ru_path_of_blood, serial_shops,
          nicolae_shop_behind_doors
D:8:      boulder_indie, serial_glass, glass_columns_a, glass_columns_c
D:9:      lemuel_crystal_altar, minmay_orc_entry_guard_dogs, basic_altar
D:10:     minmay_twisted_water, minmay_lair_entry_lava, uniq_gastronok,
          uniq_nergalle, uniq_erica
D:11:     serial_ice, serial_ice_n, serial_ice_c, serial_ice_g, serial_ice_j,
          serial_ice_f, serial_ice_h, serial_ice_a, serial_ice_o,
          portal_ice_cave_entry_imps, serial_shops, shop
Orc:1:    serial_shops, nicolae_shop_temple_entry_statues_fountains

Action                   |  1- 3 |  4- 6 |  7- 9 | 10-12 || total
-------------------------+-------+-------+-------+-------++-------
Melee: Unarmed           |     7 |       |       |       ||     7
       Dagger            |    58 |   248 |    52 |       ||   358
       Short sword       |       |       |   105 |   745 ||   850
 Fire: Blowgun           |       |       |       |     5 ||     5
Throw: Throwing net      |       |       |       |     1 ||     1
 Cast: Magic Dart        |    34 |    25 |    34 |       ||    93
Invok: Recite            |       |     7 |     1 |    19 ||    27
       Vitalisation      |       |       |       |     4 ||     4
       Imprison          |       |       |       |     1 ||     1
 Abil: Breathe Steam     |       |       |     2 |    32 ||    34
       Evoke Flight      |       |       |       |     9 ||     9
Evoke: Wand              |       |       |       |     1 ||     1
  Use: Scroll            |       |       |     9 |    13 ||    22
       Potion            |       |       |     2 |     2 ||     4
 Stab: Sleeping          |     1 |       |     3 |    12 ||    16
       Invisible         |       |     1 |       |     5 ||     6
       Confused          |       |     1 |       |     3 ||     4
       Held in net/web   |       |       |       |     2 ||     2
       Paralysed         |       |       |       |     2 ||     2
       Distracted        |       |       |       |     1 ||     1
  Eat: Chunk             |     1 |     6 |     1 |     1 ||     9
       Bread ration      |       |     1 |       |     3 ||     4
       Pizza             |       |       |     1 |     1 ||     2
       Beef jerky        |       |       |     1 |       ||     1
       Fruit             |       |       |     2 |     2 ||     4
       Meat ration       |       |       |     2 |     3 ||     5
